 Dungeon Crawl Stone Soup version 0.30-a0-782-ge64f9170bb (webtiles) character file.

Game seed: 3734371660409001199

443 HoaS the Skirmisher (level 7, -3/50 HPs)
             Began as a Formicid Hunter on Mar 17, 2023.
             Shot with an arrow by a centaur (11 damage)
             ... on level 4 of the Dungeon on Mar 18, 2023.
             The game lasted 00:08:09 (3182 turns).

HoaS the Skirmisher (Formicid Hunter)               Turns: 3182, Time: 00:08:10

Health: -3/50      AC:  5    Str: 16    XL:     7   Next: 23%
Magic:  7/7        EV: 12    Int:  8    God:
Gold:   150        SH:  0    Dex: 19    Spells: 6/6 levels left

rFire   . . .      SeeInvis +    a - +2 shortbow
rCold   . . .      Faith    .    (no shield)
rNeg    . . .      Spirit   .    i - +1 leather armour of Greed {Will+}
rPois   .          Reflect  .    (helmet unavailable)
rElec   .          Harm     .    (no cloak)
rCorr   .          Rampage  .    (no gloves)
Will    +....                    d - +0 pair of boots
Stlth   ++                       l - amulet of the acrobat
HPRegen 0.28/turn                (no ring)
MPRegen 0.10/turn                (no ring)

@: studying Unarmed Combat
A: permanent stasis, dig shafts and tunnels, antennae 3, four strong arms
a: Dig, Shaft Self


You were on level 4 of the Dungeon.
You visited 1 branch of the dungeon, and saw 4 of its levels.

You collected 150 gold pieces.

Inventory:

Hand Weapons
 a - a +2 shortbow (weapon)
Armour
 d - a +0 pair of boots (worn)
 i - the +1 leather armour of Greed (worn) {Will+}
   (You found it on level 4 of the Dungeon)

   Will:      It increases your willpower.
Jewellery
 l - an amulet of the acrobat (around neck)
Scrolls
 b - a scroll of immolation
 j - a scroll of magic mapping
Potions
 e - 4 potions of curing {unknown}
 g - 3 potions of attraction
 h - a potion of mutation {unknown}
 k - a potion of resistance {unknown}


   Skills:
 - Level 2.1 Fighting
 + Level 8.2 Ranged Weapons
 - Level 1.7 Dodging
 - Level 1.2 Stealth


You had 6 spell levels left.
You didn't know any spells.
Your spell library contained the following spells:

 Spells                   Type           Power      Damage    Failure   Level
 Leda's Liquefaction      Hex/Erth       0%         N/A       99%         4
 Lee's Rapid Deconstruct  Erth           0%         3d4*      100%        5
 Statue Form              Tmut/Erth      0%         N/A       100%        6


Dungeon Overview and Level Annotations

Branches:
Dungeon (4/15)
 Temple: D:4-7

Altars:
Gozag
Hepliaklqana
Uskayaw


Innate Abilities, Weirdness & Mutations

You cannot be hasted, slowed, berserked, paralysed or teleported.
You can dig through walls and to a lower floor.
You have a pair of large antennae on your head. (SInv)
Your four strong arms can wield two-handed weapons with a shield.


Message History

You shoot an arrow. The arrow closely misses the gnoll.
Fire: a) +2 shortbow
Press: ? - help, Q - select action, (/) - cycle Shift-Dir - straight line, f/p - gnoll
Aim: a gnoll, wielding a +0 whip, wearing a +0 ring mail and quivering stones (almost dead, fleeing, 74% to hit)
You shoot an arrow. The arrow hits the gnoll.
You kill the gnoll!
e - 4 clear potions (gained 1)
Things that are here:
a +0 whip; a gnoll corpse You see here a +0 spear.
Things that are here:
a +0 whip; 7 stones; a +0 ring mail You start resting.
A centaur is nearby!
The centaur shouts!
The centaur unwields a +0 hand axe.
The centaur wields a +0 shortbow.
The centaur shoots an arrow.
The arrow completely misses you.
The centaur shoots an arrow.
The arrow completely misses you.
Fire: a) +2 shortbow
Press: ? - help, Q - select action, (/) - cycle Shift-Dir - straight line, f - centaur
Aim: a centaur, wielding a +0 shortbow (77% to hit)
You shoot an arrow. The arrow hits the centaur.
The centaur is lightly wounded.
The centaur shoots an arrow.
The arrow closely misses you.
The centaur shoots an arrow.
The arrow misses you.
Fire: a) +2 shortbow
Press: ? - help, Q - select action, (/) - cycle Shift-Dir - straight line, f/p - centaur
Aim: a centaur, wielding a +0 shortbow (lightly wounded, 77% to hit)
You shoot an arrow. The arrow barely misses the centaur.
The centaur shoots an arrow.
The arrow hits you.
Fire: a) +2 shortbow
Press: ? - help, Q - select action, (/) - cycle Shift-Dir - straight line, f/p - centaur
Aim: a centaur, wielding a +0 shortbow (lightly wounded, 77% to hit)
You shoot an arrow.
The arrow hits the centaur but does no damage.
The centaur is lightly wounded.
The centaur shoots an arrow.
The arrow hits you.
* * * LOW HITPOINT WARNING * * *
The centaur shoots an arrow.
The arrow hits you!
You die...

### ##########.#
#.{{{g{gg..# #.########.#
######################.#
#.#
))....)..c......@......#
#.#
##########################
#g# ####
#######........g.######.#
....
................>g.g....#
####
######.########.########
#.# ####'## #.# #.....#
#g# #.....# #.# #.....#


You could see a centaur.

Vanquished Creatures
  Menkaure (D:4)
  The ghost of utis the Trooper, an amateur TeWn (D:3)
  A howler monkey (D:4)
  Jessica (D:1)
  6 gnolls
  6 adders
  2 worms
  3 dart slugs
  4 orcs
  10 endoplasms
  A giant cockroach (D:1)
  6 goblins
  5 hobgoblins
  4 kobolds
  2 quokkas
  3 ball pythons
  6 bats
  9 frilled lizards
  5 rats
76 creatures vanquished.

Vanquished Creatures (others)
  A gnoll (D:4)
  6 fungi (D:2)
  8 plants
15 creatures vanquished.

Grand Total: 91 creatures vanquished

Notes
Turn   | Place    | Note
-------+----------+-------------------------------------------
     0 | D:1      | HoaS the Formicid Hunter began the quest for the Orb.
     0 | D:1      | Reached XP level 1. HP: 16/16 MP: 1/1
   180 | D:1      | Reached XP level 2. HP: 21/22 MP: 2/2
   470 | D:1      | Reached XP level 3. HP: 27/27 MP: 3/3
   650 | D:1      | Reached skill level 5 in Ranged Weapons
   744 | D:2      | Noticed Jessica
   752 | D:1      | Killed Jessica
   753 | D:1      | Reached XP level 4. HP: 20/33 MP: 4/4
  1052 | D:2      | Found a faded altar of an unknown god.
  1194 | D:2      | Reached XP level 5. HP: 38/38 MP: 5/5
  1540 | D:2      | Reached skill level 6 in Ranged Weapons
  1820 | D:3      | Found an opulent altar of Gozag.
  1847 | D:3      | Noticed utis's ghost (amateur TeWn)
  1848 | D:3      | Found a transporter.
  1867 | D:3      | Found a transporter.
  2349 | D:3      | Found the +7 staff of the Meek {protect, meekguard}
  2393 | D:3      | Found a hide-covered altar of Uskayaw.
  2500 | D:3      | Found a hazy altar of Hepliaklqana.
  2533 | D:4      | Reached XP level 6. HP: 44/44 MP: 6/6
  2543 | D:4      | Identified the +1 leather armour of Greed {Will+}
  2617 | D:3      | Killed utis's ghost
  2618 | D:3      | Reached skill level 7 in Ranged Weapons
  2877 | D:4      | Noticed Menkaure
  2887 | D:4      | Killed Menkaure
  2888 | D:4      | Reached skill level 8 in Ranged Weapons
  2888 | D:4      | Reached XP level 7. HP: 18/50 MP: 7/7
  3182 | D:4      | Shot with an arrow by a centaur

Illustrated notes

Levels and vault maps discovered:
D:1:      dpeg_arrival_round_a, layout_basic, hex_tiny,
          nicolae_figureground_pulse
D:2:      layout_loops_ring, shapermc_ecumenical_altar_mp_urbaneastern,
          uniq_jessica
D:3:      layout_basic, lemuel_coloured_pillars_altar, lemuel_crystal_altar,
          general_overflow_altar, gammafunk_ghost_arena,
          chequers_serial_rivers_micro_e
D:4:      layout_basic, fedhas_ov_isle_minmay, minmay_temple_entry_grid,
          ebering_ghost_sewer_f, nicolae_shop_fire_sale
          [nicolae_sub_dead_trees], minmay_manual_monolith, uniq_menkaure

Skill      XL: |  1  2  3  4  5  6 |
---------------+-------------------+-----
Ranged Weapons | 5 6 8 |  8.2
Fighting       | |  2.1
Dodging        | |  1.7
Stealth        | |  1.2

Action                     |  1- 3 |  4- 6 |  7- 9 || total
---------------------------+-------+-------+-------++-------
   Fire: Shortbow          |    69 |   131 |    18 ||   218
Ability: Dig               |       |       |     2 ||     2
    Use: Scroll            |       |     6 |     1 ||     7
 Armour: Leather armour    |     2 |    23 |     4 ||    29
  Dodge: Dodged            |    17 |    53 |    23 ||    93

Table legend: (Time is in decaauts)
 A = Elapsed time spent in this place.
 B = Non-inter-level travel time spent in this place.
 C = Inter-level travel time spent in this place.
 D = Time resting spent in this place.
 E = Time spent auto-exploring this place.
 F = Levels seen in this place.
 G = Mean time per level.
                   A        B        C        D        E       F      G
               +--------+--------+--------+--------+--------+-----+--------+
         Total |   3234 |   3139 |     95 |    490 |   2032 |   4 |  808.5 |
       Dungeon |   3234 |   3139 |     95 |    490 |   2032 |   4 |  808.5 |
               +--------+--------+--------+--------+--------+-----+--------+

Top non-repeatable levels by time:
     D:3: 1046 daAuts
     D:2: 942 daAuts
     D:1: 818 daAuts
     D:4: 428 daAuts
